 Dungeon Crawl Stone Soup version 0.28.0-53-g5a82cb258f (webtiles) character file.

Game seed: 4897278302736119527

14121 MisterFreud the Covert (level 12, -7/97 HPs)
             Began as a Gnoll Delver on June 6, 2022.
             Was a High Priest of Wu Jian.
             Mangled by Snorg (13 damage)
             ... on level 11 of the Dungeon.
             The game lasted 00:16:40 (8817 turns).

MisterFreud the Covert (Gnoll Delver)               Turns: 8817, Time: 00:16:40

Health: -7/97      AC: 10    Str: 13    XL:     12   Next: 13%
Magic:  22/22      EV: 18    Int: 13    God:    Wu Jian [*****.]
Gold:   499        SH:  0    Dex: 21    Spells: 25/25 levels left

rFire   . . .      SeeInvis .   b - +7 dagger of Internal Strife {vorpal, rN+ Dex+7}
rCold   . . .      Faith    .   (no shield)
rNeg    + . .      Spirit   .   H - +0 steam dragon scales
rPois   .          Reflect  .   J - +0 helmet
rElec   .          Harm     .   (no cloak)
rCorr   .          Rampage  .   y - +1 pair of gloves
Will    .....                   (no boots)
Stlth   +++++.....              v - amulet of regeneration
HPRegen 1.06/turn               D - +4 ring of slaying
MPRegen 0.18/turn               N - +4 ring of slaying

@: about to teleport
A: fangs 1, strong nose, distributed training
a: Renounce Religion, Wall Jump, Serpent's Lash, Heavenly Storm


You were on level 11 of the Dungeon.
You worshipped Wu Jian.
Wu Jian was extremely pleased with you.
You visited 1 branch of the dungeon, and saw 11 of its levels.

You collected 550 gold pieces.
You spent 51 gold pieces at shops.

Inventory:

Hand Weapons
 a - a +2 short sword of venom
 b - the +7 dagger of Internal Strife (weapon) {vorpal, rN+ Dex+7}
   (You found it on level 4 of the Dungeon)

   It inflicts extra damage upon your enemies.
   Dex:       It affects your dexterity (+7).
   rN:        It protects you from negative energy.
 G - a +5 war axe of flaming
Missiles
 k - 4 javelins (quivered)
 o - 21 poisoned darts
 B - 11 boomerangs
 I - a boomerang of dispersal
 L - 2 curare-tipped darts
Armour
 y - a +1 pair of gloves (worn)
 H - +0 steam dragon scales (worn)
 J - a +0 helmet (worn)
Jewellery
 r - a ring of positive energy
 v - an amulet of regeneration (around neck)
 D - a +4 ring of slaying (left hand)
 E - a ring of fire
 M - a ring of resist corrosion
 N - a +4 ring of slaying (right hand)
 O - a +6 ring of dexterity
 Q - an amulet of guardian spirit
Wands
 g - a wand of digging (10)
 j - a wand of acid (17)
 K - a wand of iceblast (13)
 P - a wand of flame (1)
Scrolls
 c - 3 scrolls of fog
 d - a scroll of magic mapping
 e - a scroll of fear
 h - 4 scrolls of teleportation
 i - 2 scrolls of silence
 m - a scroll of amnesia
 n - 2 scrolls of holy word
 t - 2 scrolls of blinking
 u - 4 scrolls of vulnerability
 F - 2 scrolls of immolation
Potions
 f - 2 potions of haste
 l - 2 potions of flight
 p - a potion of might
 q - a potion of lignification
 s - 2 potions of brilliance
 w - 2 potions of cancellation
 x - 4 potions of degeneration
 z - 2 potions of resistance
 A - 3 potions of curing
 C - 2 potions of magic {unknown}


   Skills:
 + Level 9.6 Fighting
 + Level 8.4 Short Blades
 + Level 7.0 Long Blades
 + Level 7.0 Axes
 + Level 7.0 Maces & Flails
 + Level 7.0 Polearms
 + Level 7.0 Staves
 + Level 7.0 Slings
 + Level 7.0 Bows
 + Level 7.0 Crossbows
 + Level 7.0 Throwing
 + Level 7.0 Armour
 + Level 8.4 Dodging
 + Level 11.8 Stealth
 + Level 7.0 Shields
 + Level 7.0 Unarmed Combat
 + Level 7.0 Spellcasting
 + Level 5.8 Conjurations
 + Level 5.8 Hexes
 + Level 5.8 Summonings
 + Level 5.8 Necromancy
 + Level 5.8 Translocations
 + Level 5.8 Transmutations
 + Level 5.8 Fire Magic
 + Level 5.8 Ice Magic
 + Level 5.8 Air Magic
 + Level 5.8 Earth Magic
 + Level 5.8 Poison Magic
 + Level 7.6 Invocations
 + Level 7.0 Evocations


You had 25 spell levels left.
You didn't know any spells.
Your spell library contained the following spells:

 Spells                   Type           Power      Damage    Failure   Level
 Corpse Rot               Necr/Air       38%        N/A       2%          2
 Static Discharge         Conj/Air       19%        N/A       2%          2
 Tukima's Dance           Hex            19%        N/A       4%          3
 Anguish                  Hex/Necr       9%         N/A       14%         4
 Dispel Undead            Necr           19%        3d11      14%         4
 Lightning Bolt           Conj/Air       9%         1d22      36%         5
 Death Channel            Necr           9%         N/A       91%         6
 Enfeeble                 Hex            9%         N/A       100%        7
 Maxwell's Capacitive Co  Air            9%         ∞         100%        8


Dungeon Overview and Level Annotations

Branches:
Dungeon (11/15)            Temple (0/1) D:6            Lair (0/6) D:9
    Orc (0/2) D:10

Altars:
Dithmenos
Elyvilon
Makhleb
Nemelex Xobeh
Qazlal
Vehumet
Wu Jian

Shops:
D:2 =   D:10 **

Portals:
Trove: D:10 (give 3 potions of resistance)

Annotations:
D:10 1 runed translucent door
D:11 Snorg, Urug


Innate Abilities, Weirdness & Mutations

You have very sharp teeth.
Your uncanny sense of smell can sniff out nearby items.
Your experience applies equally to all skills.


Message History

You barely miss Snorg. You bite Snorg.
Snorg is moderately wounded.
The centaur shouts!
Snorg completely misses you. Snorg claws you but does no damage. x2
You barely miss Snorg. Your punch misses Snorg.
Snorg is moderately wounded.
The centaur wields a +0 shortbow.
The centaur shoots an arrow.
The arrow barely misses you.
You hit Snorg. You punch Snorg.
Snorg is moderately wounded.
Snorg bites you! Snorg barely misses you. Snorg claws you.
The centaur shoots an arrow.
The arrow hits you. Snorg misses you. Snorg claws you! Snorg misses you.
The centaur shoots an arrow.
The arrow hits you.
You completely miss Snorg. You punch Snorg.
Snorg is moderately wounded.
Snorg closely misses you. Snorg completely misses you.
Snorg closely misses you.
You puncture Snorg! Your punch misses Snorg. You bite Snorg!
Snorg is moderately wounded.
Snorg barely misses you. Snorg misses you. Snorg claws you!
You puncture Snorg! You bite Snorg!
Snorg is heavily wounded.
Snorg bites you!
* * * LOW HITPOINT WARNING * * *
Snorg closely misses you. Snorg barely misses you. Snorg completely misses you.
Snorg barely misses you. Snorg closely misses you.
As you read the scroll of teleportation, it crumbles to dust.
You feel strangely unstable. Snorg bites you!
* * * LOW HITPOINT WARNING * * *
Snorg barely misses you. Snorg misses you.
The centaur unwields a +0 shortbow.
The centaur closely misses you. x2
Unknown command.
Snorg barely misses you. Snorg completely misses you. Snorg closely misses you.
The centaur wields a +0 shortbow.
The centaur shoots an arrow.
The arrow hits you.
* * * LOW HITPOINT WARNING * * *
Snorg rages.
Snorg bites you!
You die...

#. #∆ #.# ###. #.#####
....# ##...... ..
....####..... ..#
###.........# #.#
............# ##..###
........Tco.##.......
####..@##.....##....
##...##..........#
#.....#..........#
##.......#[..##.## ###
.........###..# ..# ..#
####......##..###.##..#
#............#.....#
#...#...<..........# #
#..##........#.....###.


You could see Snorg (berserk), Urug and a centaur.

Vanquished Creatures
  Harold (D:7)
  A boulder beetle (D:11)
  An ogre mage (D:10)
  5 two-headed ogres
  An elephant (D:9)
  Maggie (D:7)
  2 komodo dragons (D:11)
  A troll (D:11)
  5 slime creatures (D:10)
  Eustachio (D:4)
  10 yaks
  Menkaure (D:7)
  7 water moccasins
  3 sky beasts
  5 orc warriors
  Duvessa (D:5)
  2 ice beasts
  4 black bears
  2 necrophages
  6 ogres
  4 centaurs
  3 phantoms
  4 kobold brigands
  A bullfrog (D:9)
  A gnoll sergeant (D:9)
  4 scorpions
  Dowan (D:5)
  10 killer bees
  3 wights (D:8)
  2 howler monkeys
  A crimson imp (D:10)
  2 centaur zombies (D:9)
  3 jellies
  A hound (D:5)
  3 orc priests
  2 centaur skeletons (D:7)
  2 iguanas
  7 orc wizards
  A hound skeleton (D:4)
  4 gnolls (D:5)
  7 adders
  A white imp (D:5)
  An ufetubus (D:4)
  A worm (D:4)
  5 dart slugs
  20 orcs
  4 ball pythons
  12 endoplasms
  3 giant cockroaches
  6 goblins
  6 hobgoblins
  2 quokkas (D:2)
  2 bats (D:1)
  2 frilled lizards
  28 kobolds
  4 rats
223 creatures vanquished.

Vanquished Creatures (others)
  5 fungi (D:3)
  6 toadstools (D:3)
11 creatures vanquished.

Grand Total: 234 creatures vanquished

Notes
Turn   | Place    | Note
-------+----------+-------------------------------------------
     0 | D:5      | Reached skill level 9 in Stealth
     0 | D:5      | MisterFreud the Gnoll Delver began the quest for the Orb.
     0 | D:5      | Reached XP level 1. HP: 23/23 MP: 1/1
    43 | D:5      | Reached XP level 2. HP: 28/29 MP: 2/2
    57 | D:5      | Noticed a black bear
    59 | D:5      | Noticed Eustachio
    59 | D:5      | Noticed an ice beast
   138 | D:4      | Reached XP level 3. HP: 30/35 MP: 3/3
   221 | D:4      | Identified the +7 dagger of Internal Strife {vorpal, rN+
                  | Dex+7}
   435 | D:2      | Reached skill level 1 in Invocations
   507 | D:2      | Reached skill level 1 in Long Blades
   507 | D:2      | Reached skill level 1 in Axes
   507 | D:2      | Reached skill level 1 in Maces & Flails
   507 | D:2      | Reached skill level 1 in Polearms
   507 | D:2      | Reached skill level 1 in Staves
   507 | D:2      | Reached skill level 1 in Slings
   507 | D:2      | Reached skill level 1 in Bows
   507 | D:2      | Reached skill level 1 in Crossbows
   507 | D:2      | Reached skill level 1 in Throwing
   507 | D:2      | Reached skill level 1 in Armour
   507 | D:2      | Reached skill level 1 in Shields
   507 | D:2      | Reached skill level 1 in Unarmed Combat
   507 | D:2      | Reached skill level 1 in Spellcasting
   507 | D:2      | Reached skill level 1 in Evocations
   582 | D:2      | You fall into a shaft and drop 2 floors!
   662 | D:3      | Reached XP level 4. HP: 41/41 MP: 5/5
  1322 | D:1      | Found a faded altar of an unknown god.
  1365 | D:1      | Prayed at the altar of an unknown god.
  1365 | D:1      | Became a worshipper of the Wu Jian Council
  1365 | D:1      | Reached * piety under Wu Jian
  1578 | D:2      | Reached skill level 1 in Conjurations
  1578 | D:2      | Reached skill level 1 in Hexes
  1578 | D:2      | Reached skill level 1 in Summonings
  1578 | D:2      | Reached skill level 1 in Necromancy
  1578 | D:2      | Reached skill level 1 in Translocations
  1578 | D:2      | Reached skill level 1 in Transmutations
  1578 | D:2      | Reached skill level 1 in Fire Magic
  1578 | D:2      | Reached skill level 1 in Ice Magic
  1578 | D:2      | Reached skill level 1 in Air Magic
  1578 | D:2      | Reached skill level 1 in Earth Magic
  1578 | D:2      | Reached skill level 1 in Poison Magic
  1789 | D:2      | Found Udutaij's Jewellery Shop.
  1952 | D:3      | Reached XP level 5. HP: 37/47 MP: 6/6
  2160 | D:3      | Reached ** piety under Wu Jian
  2413 | D:3      | Reached XP level 6. HP: 44/53 MP: 8/8
  2691 | D:4      | Found a shadowy altar of Dithmenos.
  3455 | D:5      | Noticed Duvessa
  3455 | D:5      | Noticed a water moccasin
  3468 | D:4      | Killed a water moccasin
  3469 | D:4      | Reached skill level 5 in Short Blades
  3469 | D:4      | Reached skill level 5 in Dodging
  3572 | D:4      | Killed Eustachio
  3573 | D:4      | Reached XP level 7. HP: 35/60 MP: 10/10
  3632 | D:5      | Reached skill level 10 in Stealth
  3723 | D:5      | Noticed Dowan
  3729 | D:5      | Killed Dowan
  3748 | D:5      | Reached XP level 8. HP: 32/67 MP: 12/12
  3753 | D:5      | Killed Duvessa
  4339 | D:6      | Reached *** piety under Wu Jian
  4412 | D:6      | Reached XP level 9. HP: 66/72 MP: 14/14
  4478 | D:6      | Found a staircase to the Ecumenical Temple.
  5132 | D:7      | Noticed Maggie
  5139 | D:7      | Killed Maggie
  5199 | D:7      | Noticed Menkaure
  5202 | D:7      | Noticed Harold
  5207 | D:7      | Killed Menkaure
  5240 | D:8      | Reached skill level 5 in Invocations
  5403 | D:8      | Reached XP level 10. HP: 80/80 MP: 17/17
  5519 | D:7      | Killed Harold
  5520 | D:7      | Reached skill level 5 in Long Blades
  5520 | D:7      | Reached skill level 5 in Axes
  5520 | D:7      | Reached skill level 5 in Maces & Flails
  5520 | D:7      | Reached skill level 5 in Polearms
  5520 | D:7      | Reached skill level 5 in Staves
  5520 | D:7      | Reached skill level 5 in Slings
  5520 | D:7      | Reached skill level 5 in Bows
  5520 | D:7      | Reached skill level 5 in Crossbows
  5520 | D:7      | Reached skill level 5 in Throwing
  5520 | D:7      | Reached skill level 5 in Armour
  5520 | D:7      | Reached skill level 5 in Shields
  5520 | D:7      | Reached skill level 5 in Unarmed Combat
  5520 | D:7      | Reached skill level 5 in Spellcasting
  5520 | D:7      | Reached skill level 5 in Evocations
  5824 | D:7      | Found a stormy altar of Qazlal.
  6131 | D:8      | Reached **** piety under Wu Jian
  6288 | D:8      | Noticed a two-headed ogre
  6302 | D:8      | Killed a two-headed ogre
  6303 | D:8      | Reached skill level 11 in Stealth
  6385 | D:8      | Found a sparkling altar of Nemelex Xobeh.
  6770 | D:9      | Noticed a two-headed ogre
  6772 | D:9      | Killed a two-headed ogre
  6948 | D:9      | Reached XP level 11. HP: 73/87 MP: 19/19
  7103 | D:9      | Found a staircase to the Lair.
  7268 | D:9      | Found a white marble altar of Elyvilon.
  7288 | D:9      | Reached skill level 5 in Conjurations
  7288 | D:9      | Reached skill level 5 in Hexes
  7288 | D:9      | Reached skill level 5 in Summonings
  7288 | D:9      | Reached skill level 5 in Necromancy
  7288 | D:9      | Reached skill level 5 in Translocations
  7288 | D:9      | Reached skill level 5 in Transmutations
  7288 | D:9      | Reached skill level 5 in Fire Magic
  7288 | D:9      | Reached skill level 5 in Ice Magic
  7288 | D:9      | Reached skill level 5 in Air Magic
  7288 | D:9      | Reached skill level 5 in Earth Magic
  7288 | D:9      | Reached skill level 5 in Poison Magic
  7576 | D:10     | Entered Level 10 of the Dungeon
  7775 | D:10     | Found a runed translucent door.
  7794 | D:10     | Found a staircase to the Orcish Mines.
  7798 | D:10     | Noticed a two-headed ogre
  7802 | D:10     | Noticed an ogre mage
  7817 | D:10     | Killed a two-headed ogre
  7832 | D:10     | Noticed a two-headed ogre
  7842 | D:10     | Paralysed by something for 6 turns
  7853 | D:10     | Paralysed by something for 2 turns
  7878 | D:10     | Killed a two-headed ogre
  7884 | D:10     | Killed an ogre mage
  8056 | D:10     | Found a radiant altar of Vehumet.
  8056 | D:10     | Found a burning altar of Makhleb.
  8212 | D:10     | Reached ***** piety under Wu Jian
  8308 | D:10     | Found a portal to a secret trove of treasure.
  8392 | D:10     | Found Fasa's General Store.
  8399 | D:10     | Found Qaeg's Specific Store.
  8407 | D:10     | Bought a scroll of teleportation for 51 gold pieces
  8508 | D:11     | Noticed a boulder beetle
  8512 | D:11     | Killed a boulder beetle
  8520 | D:11     | Noticed a two-headed ogre
  8541 | D:11     | Reached XP level 12. HP: 55/96 MP: 22/22
  8547 | D:11     | HP: 4/96 [centaur/arrow (3)]
  8548 | D:11     | HP: 1/96 [centaur/arrow (4)]
  8685 | D:11     | Killed a two-headed ogre
  8799 | D:11     | Noticed Snorg
  8801 | D:11     | Noticed Urug
  8815 | D:11     | HP: 4/97 [centaur/arrow (2)]
  8817 | D:11     | Mangled by Snorg

Illustrated notes

Levels and vault maps discovered:
D:1:      heliophobic_arrival_henge, layout_basic,
          shapermc_ecumenical_altar_mp_vishouse
D:2:      layout_loops_cross, serial_shops, nicolae_lakefront_shop
D:3:      cheibrodos_fertilizer, layout_loops_corners, grunt_decor_arrowhead,
          hangedman_decor_opposing
D:4:      layout_loops_ring, nicolae_dithmenos_through_a_glass_darkly,
          nicolae_zen_rock_garden, columned_hall_lemuel
D:5:      layout_cave_pools, uniq_eustachio, uniq_duvessa
D:6:      layout_loops_cross, minmay_temple_entry_junction
D:7:      layout_loops_cross, kennysheep_little_box, st_stairs_5, uniq_harold,
          uniq_menkaure, uniq_maggie
D:8:      layout_loops_ring, mainiacjoe_overflow_concentric_impassable
D:9:      minmay_spotlight, layout_loops_ring, mainiacjoe_overflow_24_doors,
          david_lair_generic
D:10:     layout_gridville, grunt_temple_overflow_lords_of_destruction,
          david_orc_3, enter_trove_3, wad_floor_pattern_2,
          nicolae_specific_store, lightli_church_of_beogh
D:11:     layout_layer_cave, corexii_leaking_fountain, uniq_snorg, uniq_psyche,
          uniq_erolcha, uniq_urug

Skill      XL: |  1  2  3  4  5  6  7  8  9 10 11 12 |
---------------+-------------------------------------+-----
Stealth        | 10 11 | 11.8
Invocations    | 1 2 3 4 5 6 7 |  7.6
Long Blades    | 1 2 3 4 5 6 7 |  7.0
Axes           | 1 2 3 4 5 6 7 |  7.0
Maces & Flails | 1 2 3 4 5 6 7 |  7.0
Polearms       | 1 2 3 4 5 6 7 |  7.0
Staves         | 1 2 3 4 5 6 7 |  7.0
Slings         | 1 2 3 4 5 6 7 |  7.0
Bows           | 1 2 3 4 5 6 7 |  7.0
Crossbows      | 1 2 3 4 5 6 7 |  7.0
Throwing       | 1 2 3 4 5 6 7 |  7.0
Armour         | 1 2 3 4 5 6 7 |  7.0
Shields        | 1 2 3 4 5 6 7 |  7.0
Unarmed Combat | 1 2 3 4 5 6 7 |  7.0
Spellcasting   | 1 2 3 4 5 6 7 |  7.0
Evocations     | 1 2 3 4 5 6 7 |  7.0
Conjurations   | 1 2 3 4 5 |  5.8
Hexes          | 1 2 3 4 5 |  5.8
Summonings     | 1 2 3 4 5 |  5.8
Necromancy     | 1 2 3 4 5 |  5.8
Translocations | 1 2 3 4 5 |  5.8
Transmutations | 1 2 3 4 5 |  5.8
Fire Magic     | 1 2 3 4 5 |  5.8
Ice Magic      | 1 2 3 4 5 |  5.8
Air Magic      | 1 2 3 4 5 |  5.8
Earth Magic    | 1 2 3 4 5 |  5.8
Poison Magic   | 1 2 3 4 5 |  5.8
Short Blades   | 5 6 7 8 |  8.4
Dodging        | 5 6 7 8 |  8.4
Fighting       | 7 8 9 |  9.6

Action                   |  1- 3 |  4- 6 |  7- 9 | 10-12 || total
-------------------------+-------+-------+-------+-------++-------
Melee: Short sword       |    45 |   126 |    25 |       ||   196
       Bite              |     4 |    15 |    39 |    64 ||   122
       Dagger            |     1 |       |   217 |   406 ||   624
       Punch             |       |     2 |    10 |    29 ||    41
Invok: Lunge             |       |    13 |    16 |    27 ||    56
       Whirlwind         |       |     5 |     9 |    24 ||    38
Evoke: Wand              |       |       |       |     2 ||     2
  Use: Scroll            |       |       |     9 |    13 ||    22
       Potion            |       |       |     2 |     2 ||     4
 Stab: Sleeping          |     6 |    13 |    10 |    21 ||    50
       Distracted        |       |       |       |     4 ||     4
Armor: Leather armour    |     7 |    23 |    17 |       ||    47
       Steam dragon scal |       |       |    19 |    59 ||    78
       Skin              |       |       |       |     7 ||     7
Dodge: Dodged            |    22 |    68 |   149 |   210 ||   449
